 Dungeon Crawl Stone Soup version 0.25-a0-366-g516bc45ae0 (webtiles) character file.

Game seed: 1718009101352555397, levelgen mode: deterministic

156311 Inarius the Phalangite (level 17, -8/123 HPs)
             Began as a Merfolk Gladiator on Jan 6, 2020.
             Was the Champion of Hepliaklqana.
             Mangled by a merfolk javelineer
             ... wielding a +2 spear of flaming
              (14 damage)
             ... on level 4 of the Shoals.
             The game lasted 01:27:16 (39483 turns).

Inarius the Phalangite (Merfolk Gladiator)         Turns: 39483, Time: 01:27:17

Health: -8/123     AC: 19    Str: 25    XL:     17   Next: 67%
Magic:  0/25       EV: 21    Int:  7    God:    Hepliaklqana [******]
Gold:   1756       SH: 16    Dex: 16    Spells: 16/16 levels left

rFire    . . .     SeeInvis .   a - +4 demon trident (drain)
rCold    + . .     Gourm    .   y - +2 shield {AC+3}
rNeg     . . .     Faith    .   L - +4 ring mail {rF+}
rPois    .         Spirit   +   c - +0 helmet
rElec    .         Reflect  .   u - +1 cloak
rCorr    .         Harm     .   J - +0 pair of gloves
MR       +....                  D - +0 pair of boots
Stlth    +.........             l - amulet of guardian spirit
HPRegen  0.30/turn              Y - ring of ice
MPRegen  0.19/turn              g - +4 ring of strength

@: about to teleport, lightly drained
A: change form in water, swift swim, stealthy swim, reduced essence
a: Recall Ancestor, Ancestor Identity, Transference, Idealise, Renounce Religion


You were on level 4 of the Shoals.
You worshipped Hepliaklqana.
Hepliaklqana was exalted by your worship.
You were not hungry.

You visited 5 branches of the dungeon, and saw 28 of its levels.
You also visited: Bailey, Ice Cave and Volcano.

You collected 2587 gold pieces.
You spent 831 gold pieces at shops.

Inventory:

Hand Weapons
 a - a +4 demon trident of draining (weapon)
Missiles
 d - 12 throwing nets
 x - 34 silver javelins (quivered)
Armour
 c - a +0 helmet (worn)
 u - a +1 cloak (worn)
 y - a +2 shield of protection (worn)
 D - a +0 pair of boots (worn)
 J - a +0 pair of gloves (worn)
 L - a +4 ring mail of fire resistance (worn)
Jewellery
 g - a +4 ring of strength (right hand)
 l - an amulet of guardian spirit (around neck)
 t - an uncursed ring of poison resistance
 w - an uncursed ring of protection from fire
 N - an uncursed amulet of regeneration
 Y - a ring of ice (left hand)
Wands
 k - a wand of digging (6)
 q - a wand of enslavement (11)
 E - a wand of paralysis (25)
 H - a wand of polymorph (20)
 M - a wand of iceblast (11)
 X - a wand of flame (67)
Scrolls
 e - a scroll of random uselessness {unknown}
 n - 6 scrolls of teleportation
 r - 4 scrolls of magic mapping
 s - 6 scrolls of blinking
 A - 7 scrolls of remove curse
 B - a scroll of immolation
 C - 5 scrolls of fog
 F - 4 scrolls of enchant armour
 I - a scroll of identify
 O - 2 scrolls of noise
 U - 4 scrolls of fear
 W - a scroll of holy word
 Z - a scroll of silence
Potions
 b - a potion of lignification
 h - 2 potions of haste
 j - a potion of agility
 m - 11 potions of flight
 p - a potion of mutation
 v - 4 potions of berserk rage
 z - 2 potions of might
 P - 2 potions of resistance
 Q - 2 potions of curing
 R - a potion of heal wounds
 S - a potion of ambrosia
 V - a potion of cancellation {unknown}
Miscellaneous
 i - a phantom mirror
 o - a phial of floods
 G - a lamp of fire (inert)
Comestibles
 f - 36 rations


   Skills:
 + Level 13.2(13.1) Fighting
 * Level 22.5 Polearms
 - Level 2.0(1.9) Throwing
 + Level 7.2 Armour
 + Level 14.2(14.1) Dodging
 - Level 0.6 Stealth
 + Level 12.5 Shields
 * Level 9.5 Invocations
 - Level 11.0(10.9) Evocations


You had 16 spell levels left.
You didn't know any spells.
Your spell library contained the following spells:

 Spells                   Type           Power        Failure   Level  Hunger
 Animate Skeleton         Necr           N/A          67%         1    ##.....
 Apportation              Tloc           #.....       67%         1    ##.....
 Confusing Touch          Hex            #.....       67%         1    ##.....
 Foxfire                  Conj/Fire      #...         67%         1    ##.....
 Freeze                   Ice            #...         67%         1    ##.....
 Magic Dart               Conj           #...         67%         1    ##.....
 Pain                     Necr           #...         67%         1    ##.....
 Sandblast                Erth           #.....       67%         1    ##.....
 Sting                    Tmut/Pois      #...         67%         1    ##.....
 Summon Small Mammal      Summ           #...         67%         1    ##.....
 Call Imp                 Summ           #.......     80%         2    ###....
 Passwall                 Tmut/Erth      #.......     80%         2    ###....
 Poisonous Vapours        Pois/Air       #.....       80%         2    ###....
 Searing Ray              Conj           #.....       80%         2    ###....
 Call Canine Familiar     Summ           #.......     95%         3    ####...
 Conjure Flame            Conj/Fire      #.......     95%         3    ####...
 Dazzling Flash           Conj/Hex       #.....       95%         3    ####...
 Ignite Poison            Fire/Tmut/Pois #.......     95%         3    ####...
 Inner Flame              Hex/Fire       #.......     95%         3    ####...
 Mephitic Cloud           Conj/Pois/Air  #.......     95%         3    ####...
 Ozocubu's Armour         Chrm/Ice       #.......     95%         3    ####...
 Recall                   Summ/Tloc      N/A          95%         3    ####...
 Stone Arrow              Conj/Erth      #.....       95%         3    ####...
 Summon Guardian Golem    Hex/Summ       #.......     95%         3    ####...
 Vampiric Draining        Necr           #.........   95%         3    ####...
 Animate Dead             Necr           N/A          100%        4    #####..
 Fulminant Prism          Conj/Hex       #.........   100%        4    #####..
 Hailstorm                Conj/Ice       #.......     100%        4    #####..
 Iskenderun's Mystic Bla  Conj/Tloc      #.......     100%        4    #####..
 Leda's Liquefaction      Hex/Erth       #.........   100%        4    #####..
 Olgreb's Toxic Radiance  Pois           #.......     100%        4    #####..
 Petrify                  Tmut/Erth      #.......     100%        4    #####..
 Sticky Flame             Conj/Fire      #.......     100%        4    #####..
 Summon Ice Beast         Ice/Summ       #.......     100%        4    #####..
 Summon Lightning Spire   Summ/Air       #.......     100%        4    #####..
 Agony                    Necr           #.......     100%        5    ######.
 Bolt of Magma            Conj/Fire/Erth #.........   100%        5    ######.
 Borgnjor's Vile Clutch   Necr/Erth      #.........   100%        5    ######.
 Fireball                 Conj/Fire      #.........   100%        5    ######.
 Irradiate                Conj/Tmut      #.........   100%        5    ######.
 Lee's Rapid Deconstruct  Erth           #.........   100%        5    ######.
 Death Channel            Necr           #.........   100%        6    #######
 Hydra Form               Tmut           #.........   100%        6    #######
 Iron Shot                Conj/Erth      #.........   100%        6    #######
 Simulacrum               Ice/Necr       #.........   100%        6    #######
 Statue Form              Tmut/Erth      #........    100%        6    #######
 Dragon Form              Tmut           #.........   100%        7    #######
 Shatter                  Erth           #.........   100%        9    #######


Dungeon Overview and Level Annotations

Branches:
Dungeon (15/15)            Temple (1/1) D:5            Lair (6/6) D:9
 Shoals (4/4) Lair:4       Spider (0/4) Lair:3        Slime (0/5) Lair:6
    Orc (2/2) D:11            Elf (0/3) Orc:2        Vaults (0/5) D:14
 Depths (0/5) D:15         Bailey (visited)           IceCv (visited)
Volcano (visited)

Altars:
Ashenzari
Dithmenos
Elyvilon
Fedhas
Hepliaklqana
Kikubaaqudgha
Makhleb
Nemelex Xobeh
Okawaru
Qazlal
Ru
Sif Muna
Trog
Uskayaw
Vehumet
Wu Jian
Xom
Yredelemnul
Zin
The Shining One
Beogh
Jiyva

Shops:
D:5 ?   D:9 :   D:10 *   Orc:1 *:   Orc:2 (:*

Annotations:
D:4 emiel's ghost, amateur OgWn
D:7 3 runed translucent doors, Borgoz's ghost, novice GrFi


Message History

Unknown command.
Unknown command.
You feel much better.
You are engulfed in blazing flames.
* * * LOW HITPOINT WARNING * * *
The merfolk javelineer throws a javelin.
The javelin pierces through you.
* * * LOW HITPOINT WARNING * * *
The merfolk avatar is engulfed in blazing flames.
You are no longer entranced.
You kill the merfolk avatar!
The merfolk impaler is engulfed in blazing flames.
The merfolk impaler closely misses you. You block the merfolk impaler's attack.
You block the merfolk aquamancer's attack.
The merfolk javelineer closely misses you.
Unknown command.
The merfolk impaler is engulfed in blazing flames.
You kill the merfolk impaler!
You hear a splash. x2
The merfolk javelineer hits you from afar with a +2 spear of flaming!
You die...

.....≈≈≈≈≈≈≈≈≈≈≈≈≈≈≈.....≈≈≈≈≈≈≈≈
.....≈≈≈≈≈≈≈(≈≈≈≈≈≈≈......≈≈≈≈≈≈≈
.....≈≈≈≈≈≈≈≈≈≈≈)≈≈≈......≈≈≈≈≈≈≈
....≈≈≈≈≈≈≈≈≈≈≈≈≈≈≈≈#####≈≈≈≈≈≈≈≈
....≈≈≈≈≈≈≈≈≈≈≈≈≈≈≈##..≈##≈≈≈≈≈≈≈
...≈≈≈≈≈≈≈≈≈≈≈≈≈≈≈≈#....≈#≈≈≈≈≈≈≈
≈≈≈≈≈≈≈≈≈≈≈≈§≈≈...(#..)..+..≈≈≈≈≈
≈≈≈≈≈≈≈≈≈≈≈≈≈§.....#.....#....≈≈≈
≈≈≈≈≈≈..≈≈≈≈≈≈R.@..##)))##....≈≈≈
≈≈≈≈...≈≈≈≈≈≈##○##≈≈##'##.....≈≈≈
≈≈≈........ #m§m##≈.†......≈≈≈≈≈
≈≈≈)....... #m§mm≈#≈≈.....<≈≈≈≈≈≈
≈<....(#... #≈§t≈≈#≈≈.....≈≈≈≈≈≈≈
.......# #.§≈≈≈#...<.≈≈≈≈≈≈≈≈≈
.......# ..≈##§..##.....≈P≈≈≈≈≈≈≈
.......##.[≈ #####...P.PP≈P≈≈≈≈≈≈
............ ≈≈.....PP≈P≈≈≈≈≈≈


You could see the friendly Zolin the hexer, 2 merfolk javelineers, a snapping
turtle and a water nymph.

Vanquished Creatures
  Saint Roka (Orc:2)
  A sphinx (D:14)
  2 krakens
  Polyphemus (Shoals:3)
  A frost giant (Shoals:2)
  2 stone giants
  3 slime creatures (D:12)
  2 blizzard demons (IceCv)
  4 merfolk javelineers
  3 merfolk impalers
  6 hydras
  3 merfolk avatars
  An ice dragon (D:14)
  2 catoblepae
  2 merfolk aquamancers
  A centaur warrior (D:15)
  A tengu warrior (D:14)
  A vampire mage (D:15)
  Urug (Lair:6)
  9 death yaks
  5 two-headed ogres
  2 orc high priests
  2 skeletal warriors (D:14)
  A storm dragon skeleton (D:15)
  10 sea snakes
  An unseen horror (D:10)
  A glowing orange brain (D:14)
  A wizard (D:14)
  13 harpies
  A necromancer (D:15)
  6 orc knights
  An oklob plant (Lair:3)
  11 deep elf magi
  3 fauns (Shoals:1)
  5 orc sorcerers
  13 ugly things
  9 manticores
  9 cyclopes
  A black mamba (shapeshifter) (D:14)
  3 merfolk sirens
  Joseph (D:7)
  3 gargoyles
  2 centaur zombies
  5 ice statues
  A water nymph (Shoals:3)
  A molten gargoyle (Volcano)
  2 black mambas
  6 spiny frogs
  2 efreet
  A yaktaur (shapeshifter) (D:14)
  2 rime drakes
  A yaktaur zombie (D:15)
  11 komodo dragons
  9 ice devils (IceCv)
  2 anaconda simulacra (IceCv)
  A golden dragon simulacrum (IceCv)
  A harpy zombie (Shoals:1)
  3 meliai
  7 trolls
  4 wind drakes
  18 merfolk
  A meliai (shapeshifter) (D:14)
  3 polar bears
  4 hornets (Lair:6)
  5 dream sheep
  3 blink frogs (Lair:6)
  10 snapping turtles
  13 hippogriffs
  An ice dragon skeleton (D:15)
  A centaur simulacrum (D:15)
  2 shadows
  2 redbacks (Lair:3)
  10 water elementals
  10 spriggans (Lair:6)
  4 wyverns
  Sigmund (D:3)
  2 wraiths
  A basilisk (D:9)
  12 yaks
  2 fire elementals (Volcano)
  2 hungry ghosts
  A golden eye (D:11)
  6 vampire mosquitoes
  3 wargs
  2 harpy simulacra (IceCv)
  4 acid dragons
  24 water moccasins
  A hydra simulacrum (IceCv)
  3 porcupines
  33 orc warriors
  2 hornet zombies
  2 ice beasts
  4 sky beasts
  4 phantoms
  7 black bears
  2 eyes of draining
  An ettin simulacrum (IceCv)
  4 boggarts (Lair:6)
  26 wolves
  8 ogres
  17 centaurs
  10 crocodiles
  2 big kobolds
  9 bullfrogs
  2 hippogriff zombies (Shoals:1)
  2 wyvern zombies (D:11)
  2 earth elementals (Volcano)
  A wyvern skeleton (D:13)
  4 hexers
  A scorpion (D:14)
  4 howler monkeys (D:7)
  11 wights
  An electric eel (Lair:6)
  8 crimson imps
  5 lava snakes (Volcano)
  2 bullfrog zombies
  A quasit (D:9)
  2 bullfrog skeletons
  5 hounds
  5 jellies
  24 orc priests
  5 centaur skeletons
  3 iguanas
  4 hell rats (Lair:6)
  24 orc wizards
  11 worker ants
  A hound zombie (D:5)
  A hound skeleton (D:8)
  12 gnolls
  22 adders
  3 shadow imps
  An ooze (D:3)
  An adder zombie (D:5)
  4 worms
  3 dart slugs (D:1)
  6 leopard geckos
  64 orcs
  A ball python (D:3)
  5 bats
  A bat zombie (Shoals:1)
  5 giant cockroaches
  3 goblins
  12 hobgoblins
  20 jackals
  36 kobolds
  2 quokkas
  8 frilled lizards
  A quokka skeleton (D:7)
  2 quokka zombies
  9 rats
  2 fungi (Lair:4)
  5 tentacles
849 creatures vanquished.

Vanquished Creatures (collateral kills)
  A stone giant (D:12)
  A hydra (Lair:3)
  A death yak (Shoals:3)
  An orc high priest (Orc:1)
  Nergalle (Lair:1)
  2 sea snakes
  2 orc sorcerers (Orc:2)
  2 harpies
  An orc knight (Orc:2)
  2 manticores
  2 cyclopes
  A merfolk siren (Shoals:4)
  A stone giant skeleton (D:15)
  2 black mambas
  A molten gargoyle (Lair:5)
  An ice statue (IceCv)
  A rime drake (D:13)
  3 ice devils (IceCv)
  3 komodo dragons
  A troll (D:12)
  A hornet (D:13)
  3 blink frogs (Lair:6)
  2 hippogriffs
  A snapping turtle (Shoals:1)
  A dream sheep (Shoals:4)
  A redback (Lair:3)
  2 dire elephant simulacra (IceCv)
  A spriggan (Lair:6)
  A water elemental (Shoals:3)
  2 fire bats (Volcano)
  2 basilisks
  6 yaks
  A steam dragon (Lair:3)
  An iron troll simulacrum (IceCv)
  2 wargs (Orc:2)
  An acid dragon (D:14)
  7 water moccasins
  5 orc warriors
  4 porcupines
  A sky beast (D:6)
  3 ice beasts
  A boggart (Lair:6)
  4 centaurs
  A wolf (Lair:6)
  3 ogres
  5 crocodiles
  2 hippogriff zombies (Shoals:1)
  2 big kobolds
  3 bullfrogs
  A scorpion (D:9)
  A howler monkey (D:7)
  3 wights
  2 crimson imps (D:6)
  A lava snake (Volcano)
  A quasit (D:10)
  A bullfrog skeleton (D:9)
  A centaur zombie (D:6)
  3 orc priests
  2 jellies
  7 orc wizards
  4 adders
  18 orcs
  A giant cockroach (D:6)
  A hobgoblin (Bailey)
  2 jackals
  A kobold (Bailey)
  2 fungi (Lair:6)
  3 tentacles
154 creatures vanquished.

Vanquished Creatures (others)
  A dream sheep (Shoals:1)
  A sky beast (D:11)
  A centaur (D:11)
  A lava snake (Volcano)
  39 hexers
  3 ancestors
  An orc (Orc:2)
  A fire vortex (Lair:5)
  6 fungi
  13 plants
  11 tentacles
  5 withered plants
83 creatures vanquished.

Grand Total: 1086 creatures vanquished

Notes
Turn   | Place    | Note
-------+----------+-------------------------------------------
     0 | D:1      | Inarius the Merfolk Gladiator began the quest for the Orb.
     0 | D:1      | Reached XP level 1. HP: 16/16 MP: 1/1
    74 | D:1      | Reached skill level 5 in Polearms
    74 | D:1      | Reached XP level 2. HP: 22/22 MP: 2/2
   462 | D:1      | Reached XP level 3. HP: 28/28 MP: 3/3
  1370 | D:2      | Reached skill level 6 in Polearms
  1370 | D:2      | Reached XP level 4. HP: 34/34 MP: 4/4
  2384 | D:3      | Reached skill level 7 in Polearms
  2418 | D:3      | Reached XP level 5. HP: 34/39 MP: 5/5
  2593 | D:3      | Reached skill level 8 in Polearms
  2636 | D:3      | Noticed an orc warrior
  2899 | D:3      | Noticed Sigmund
  3226 | D:3      | Reached XP level 6. HP: 37/46 MP: 3/6
  3669 | D:4      | Noticed a phantom
  3704 | D:3      | Killed a phantom
  3704 | D:3      | Reached skill level 9 in Polearms
  3704 | D:3      | Reached skill level 5 in Dodging
  3709 | D:3      | Reached skill level 1 in Armour
  3907 | D:3      | Killed Sigmund
  3907 | D:3      | Reached XP level 7. HP: 52/52 MP: 7/7
  4128 | D:4      | Reached skill level 10 in Polearms
  4389 | D:4      | Found a runed translucent door.
  4390 | D:4      | Noticed emiel's ghost (amateur OgWn)
  5035 | D:5      | Entered Level 5 of the Dungeon
  5172 | D:5      | Found a sparkling altar of Nemelex Xobeh.
  5217 | D:5      | Reached skill level 1 in Evocations
  5217 | D:5      | Reached XP level 8. HP: 46/58 MP: 6/8
  5245 | D:5      | Reached skill level 11 in Polearms
  5327 | D:5      | Found a staircase to the Ecumenical Temple.
  5342 | Temple   | Entered the Ecumenical Temple
  5397 | Temple   | Became a worshipper of Hepliaklqana the Forgotten
  5449 | D:5      | Found Hyvvef's Magic Scroll Boutique.
  5457 | D:5      | Bought a scroll of blinking for 112 gold pieces
  5457 | D:5      | Bought a scroll of identify for 30 gold pieces
  5457 | D:5      | Bought a scroll of identify for 30 gold pieces
  5457 | D:5      | Bought a scroll of enchant armour for 112 gold pieces
  5457 | D:5      | Bought a scroll of identify for 30 gold pieces
  5523 | D:5      | Found a glowing silver altar of Zin.
  5875 | D:6      | Reached skill level 1 in Invocations
  6227 | D:6      | Reached skill level 12 in Polearms
  6463 | D:6      | Reached XP level 9. HP: 42/58 MP: 8/10
  6465 | D:6      | Reached skill level 1 in Shields
  6486 | D:6      | Found a radiant altar of Vehumet.
  6849 | D:6      | Reached * piety under Hepliaklqana
  7073 | D:7      | Noticed Joseph
  7091 | D:7      | Killed Joseph
  7091 | D:7      | Reached skill level 13 in Polearms
  7114 | D:6      | HP: 2/59 [black bear (3)]
  7603 | D:7      | Reached skill level 5 in Fighting
  7632 | D:7      | Found a flagged portal.
  7639 | Bailey   | Entered a bailey
  7931 | Bailey   | Reached XP level 10. HP: 39/66 MP: 8/12
  8209 | Bailey   | Found an iron altar of Okawaru.
  8215 | Bailey   | Identified Sif Muna's Reference Book on Noxious Stones
  8316 | D:7      | Found a runed translucent gate.
  8318 | D:7      | Found a runed translucent gate.
  8318 | D:7      | Found a runed translucent gate.
  8318 | D:7      | Noticed Borgoz's ghost (novice GrFi)
  8827 | D:7      | Reached skill level 14 in Polearms
  9063 | D:8      | Reached ** piety under Hepliaklqana
  9064 | D:8      | Remembered your ancestor Zolin as a hexer
  9121 | D:8      | Found a shimmering altar of Xom.
  9183 | D:8      | Found an ancient bone altar of Kikubaaqudgha.
  9333 | D:8      | Found an ornate altar of the Wu Jian Council.
  9403 | D:8      | Found a shimmering altar of Xom.
  9406 | D:8      | Found a shimmering altar of Xom.
  9406 | D:8      | Found a shimmering altar of Xom.
  9825 | D:9      | Found Neurues's Book Emporium.
  9956 | D:9      | Found an iron altar of Okawaru.
 10070 | D:9      | Found a staircase to the Lair.
 10302 | D:9      | Reached skill level 5 in Evocations
 10543 | D:10     | Entered Level 10 of the Dungeon
 10551 | D:10     | Noticed a two-headed ogre
 10558 | D:10     | Reached skill level 15 in Polearms
 10803 | D:9      | Killed a two-headed ogre
 10803 | D:9      | Reached XP level 11. HP: 64/72 MP: 13/15
 11299 | D:10     | Reached *** piety under Hepliaklqana
 11379 | D:10     | Found Mut Esoh's General Store.
 11388 | D:10     | Bought 2 potions of heal wounds for 120 gold pieces
 11388 | D:10     | Bought a scroll of identify for 24 gold pieces
 11405 | D:10     | Killed an unseen horror
 11634 | D:10     | Reached skill level 16 in Polearms
 11899 | D:11     | Noticed a red ugly thing
 11899 | D:11     | Noticed a white ugly thing
 11910 | D:11     | Killed a white ugly thing
 11915 | D:11     | Killed a white ugly thing
 12263 | D:11     | Found a staircase to the Orcish Mines.
 12981 | Lair:1   | Entered Level 1 of the Lair of Beasts
 13052 | Lair:1   | Reached skill level 10 in Dodging
 13092 | Lair:1   | Found a dark tunnel.
 13241 | Volcano  | Entered a volcano
 13340 | Volcano  | Reached skill level 5 in Shields
 13340 | Volcano  | Reached XP level 12. HP: 72/81 MP: 13/16
 13478 | Volcano  | Found a burning altar of Makhleb.
 13618 | Volcano  | Noticed a stone giant
 13639 | Volcano  | Killed a stone giant
 14222 | Lair:1   | Noticed Nergalle
 14240 | Lair:1   | Killed Nergalle
 14506 | Lair:1   | Reached skill level 17 in Polearms
 14553 | Lair:1   | Reached **** piety under Hepliaklqana
 15051 | Lair:2   | Noticed a death yak
 15062 | Lair:2   | Noticed a death yak
 15064 | Lair:2   | Noticed a death yak
 15067 | Lair:2   | Noticed a death yak
 15069 | Lair:2   | Noticed a death yak
 15072 | Lair:2   | Noticed a death yak
 15079 | Lair:2   | Killed a death yak
 15318 | Lair:1   | Killed a death yak
 15318 | Lair:1   | Reached skill level 5 in Invocations
 15701 | Lair:2   | Killed a death yak
 15706 | Lair:2   | Killed a death yak
 15706 | Lair:2   | Killed a death yak
 15716 | Lair:2   | Killed a death yak
 15744 | Lair:2   | Reached skill level 5 in Armour
 16309 | Lair:3   | Reached XP level 13. HP: 90/90 MP: 18/18
 16432 | Lair:3   | Reached ***** piety under Hepliaklqana
 16865 | Lair:3   | Found a hole to the Spider Nest.
 17716 | Lair:4   | Found a staircase to the Shoals.
 17735 | Lair:4   | Reached skill level 18 in Polearms
 19081 | Lair:6   | Entered Level 6 of the Lair of Beasts
 19514 | Lair:6   | Noticed Urug
 19525 | Lair:6   | Killed Urug
 19848 | Lair:6   | Reached XP level 14. HP: 57/98 MP: 12/19
 19943 | Lair:6   | Reached ****** piety under Hepliaklqana
 20271 | Lair:6   | Reached skill level 10 in Fighting
 20310 | Lair:6   | Found a staircase to the Slime Pits.
 20311 | Lair:6   | Found a viscous altar of Jiyva.
 20804 | Lair:6   | Paralysed by a hornet for 3 turns
 21716 | Lair:6   | Reached skill level 19 in Polearms
 22134 | Orc:1    | Entered Level 1 of the Orcish Mines
 22334 | Orc:1    | Found Dutzedgh's Mayhem Merchandise.
 22343 | Orc:1    | Bought a wand of iceblast (6) for 130 gold pieces
 22375 | Orc:2    | Entered Level 2 of the Orcish Mines
 22567 | Orc:1    | Found Mujoog's Book Emporium.
 24164 | Orc:2    | Found a runed translucent door.
 24281 | Orc:2    | Found a staircase to the Elven Halls.
 24843 | Orc:2    | Noticed Saint Roka
 25134 | Orc:2    | Killed Saint Roka
 25134 | Orc:2    | Reached XP level 15. HP: 46/105 MP: 2/21
 25738 | Orc:2    | Found a roughly hewn altar of Beogh.
 26016 | Orc:2    | Found a roughly hewn altar of Beogh.
 26045 | Orc:2    | Found Mueguy's Book Shoppe.
 26053 | Orc:2    | Found Gareikhlux's Antique Weapon Shoppe.
 26069 | Orc:2    | Found Arhox's General Store.
 26094 | Orc:2    | Found Xoceuss's Antique Armour Shoppe.
 26177 | Orc:2    | Bought a +2 trident of protection for 243 gold pieces
 27252 | D:12     | Reached skill level 10 in Shields
 27276 | D:12     | Reached skill level 20 in Polearms
 27574 | D:12     | Found the +6 shillelagh "Devastator" {shatter}
 29008 | D:14     | Noticed a sphinx
 29021 | D:14     | Killed a sphinx
 29599 | D:14     | Reached skill level 10 in Evocations
 30013 | D:14     | Found a gate to the Vaults.
 30170 | D:15     | Entered Level 15 of the Dungeon
 30492 | D:15     | Reached XP level 16. HP: 50/114 MP: 15/23
 30678 | D:15     | Found a staircase to the Depths.
 31805 | D:15     | Reached skill level 21 in Polearms
 32420 | Shoals:1 | Entered Level 1 of the Shoals
 32478 | Shoals:1 | Found a frozen archway.
 32501 | IceCv    | Entered an ice cave
 35694 | Shoals:2 | Noticed a kraken
 36330 | Shoals:2 | Killed a kraken
 36330 | Shoals:2 | Reached XP level 17. HP: 60/121 MP: 13/25
 36866 | Shoals:3 | Noticed a kraken
 36982 | Shoals:3 | Killed a kraken
 37175 | Shoals:3 | Noticed Polyphemus
 37255 | Shoals:2 | Reached skill level 22 in Polearms
 37840 | Shoals:3 | Killed Polyphemus
 38573 | Shoals:4 | Entered Level 4 of the Shoals
 39482 | Shoals:4 | HP: 6/122 [merfolk javelineer/javelin (3)]
 39483 | Shoals:4 | Mangled by a merfolk javelineer

Levels and vault maps discovered:
D:1:      psy_arrival_fountain, layout_loops_corners, serial_forest,
          infiniplex_forest_straight_2, infiniplex_forest_lined_room_,
          infiniplex_forest_lined_2, infiniplex_forest_straight_5,
          infiniplex_forest_clump_diagonal, infiniplex_forest_clump_double
D:2:      layout_basic
D:3:      layout_loops_corners, first_ration, uniq_sigmund
D:4:      layout_basic, gammafunk_ghost_grave
D:5:      layout_rooms, zin_treasury, minmay_temple_entry_drinking_statues,
          serial_shops, nicolae_shop_stone, grunt_ministairs_6,
          nemelex_spade_bored_becter
D:6:      layout_basic, lemuel_round_altar
D:7:      layout_loops_ring, gammafunk_ghost_split, enter_bailey_2,
          kennysheep_doodads, uniq_joseph
D:8:      layout_cave_pods, xom_redecorated, kennysheep_little_box,
          kennysheep_mini_moat
D:9:      layout_long_grid, okawaru_metal_pillars_1_2, david_lair_generic,
          serial_shops, nicolae_shop_stone, hangedman_fish_farm
D:10:     layout_cave_pools, serial_shops, shop,
          hangedman_abyss_or_decor_lesser_grid
D:11:     layout_rooms, orc_0_dummy, chequers_serial_rivers_small_3
D:12:     minmay_roctagon, layout_layer_cave, nrook_mini_vaults,
          chequers_serial_rivers_micro_e
D:13:     lemuel_reptile_caves, layout_loops_ring
D:14:     minmay_outward_triangles, layout_cave_pools, david_vaults_4,
          chequers_serial_rivers_room_a
D:15:     gammafunk_depths_entry_grave, layout_loops_ring, minivault_27,
          grunt_ministairs_2
Temple:   nicolae_temple_elliptical
Lair:1:   layout_regular_city, nicolae_volcano_entry_s_turn,
          grunt_forest_small_clearings, infiniplex_staircase_pool, uniq_nergalle
Lair:2:   layout_regular_city, lemuel_fruit_fields
Lair:3:   layout_gridlike, spider_nest_entry_a, chequers_serial_rivers_micro_e,
          minmay_holes, minmay_lair_oklob_chamber
Lair:4:   layout_roguey, minmay_shoals_entry_beasts, infiniplex_staircase_pool_2
Lair:5:   layout_gridlike, patterned_corridor
Lair:6:   minmay_lair_end_enchanted_forest, layout_regular_city, slime_altar_1,
          grunt_megastairs_1, serial_bayou_shore_a, lemuel_fruit_tree, uniq_urug
Shoals:1: layout_shoals, portal_ice_cave_entry_ice_statue_two,
          nicolae_shoals_undead_eyrie
Shoals:2: layout_shoals, st_shoals_ruin
Shoals:3: layout_shoals, nicolae_shoals_kraken_intersection, uniq_polyphemus
Shoals:4: shoals_end_simple, layout_shoals
Orc:1:    layout_diamond_mine, serial_shops, nicolae_shop_trees,
          minmay_shop_mayhem, elves_outpost_lemuel
Orc:2:    grunt_orc_cross, layout_diamond_mine, lightli_church_of_beogh

Skill      XL: |  1  2  3  4  5  6  7  8  9 10 11 12 13 14 15 16 17 |
---------------+----------------------------------------------------+-----
Polearms       | 5 6 7 8 9 10 12 13 15 16 17 18 19 20 21 22 | 22.5
Dodging        | 5 6 7 8 10 11 12 13 14 | 14.2
Armour         | 1 2 3 5 6 7 |  7.2
Fighting       | 3 4 5 6 7 8 9 10 11 12 13 | 13.2
Evocations     | 1 2 3 5 6 7 9 10 11 | 11.0
Invocations    | 2 3 4 5 7 8 9 |  9.5
Shields        | 2 3 5 6 7 9 10 12 | 12.5
Throwing       | |  2.0
Stealth        | |  0.6

Action                   |  1- 3 |  4- 6 |  7- 9 | 10-12 | 13-15 | 16-18 || total
-------------------------+-------+-------+-------+-------+-------+-------++-------
Melee: Trident           |   130 |   255 |   506 |  1040 |  2323 |   621 ||  4875
       Halberd           |       |       |     1 |       |       |       ||     1
       Tailslap          |       |       |     1 |     1 |    20 |    52 ||    74
       Demon trident     |       |       |       |       |       |   635 ||   635
Throw: Javelin           |       |       |     4 |     2 |    17 |       ||    23
       Boomerang         |       |       |       |     9 |    13 |       ||    22
       Throwing net      |       |       |       |     4 |       |       ||     4
Invok: Recall Ancestor   |       |       |     1 |     1 |     5 |     8 ||    15
       Ancestor Life: He |       |       |       |     1 |       |       ||     1
       Transference      |       |       |       |     1 |       |       ||     1
       Idealise          |       |       |       |       |     1 |       ||     1
Evoke: Wand              |       |       |    17 |    24 |    37 |     1 ||    79
       Lamp of fire      |       |       |       |     2 |     4 |     2 ||     8
       Phial of floods   |       |       |       |       |     2 |       ||     2
  Use: Scroll            |       |     3 |    11 |     7 |    10 |    16 ||    47
       Potion            |       |     1 |     5 |     2 |     6 |     1 ||    15
 Stab: Distracted        |       |       |     4 |    21 |    19 |    14 ||    58
       Confused          |       |       |       |    18 |    29 |    23 ||    70
       Sleeping          |       |       |       |     4 |     2 |       ||     6
       Paralysed         |       |       |       |       |    31 |    42 ||    73
       Petrified         |       |       |       |       |       |     2 ||     2
  Eat: Chunk             |     2 |     7 |    13 |    20 |    44 |    14 ||   100
       Ration            |       |       |       |     3 |     1 |     4 ||     8
Armor: Leather armour    |     1 |       |       |   132 |       |       ||   133
       Ring mail         |    31 |    54 |       |    46 |   379 |   244 ||   754
       Scale mail        |       |       |   145 |     5 |       |       ||   150
       Skin              |       |       |       |     8 |       |       ||     8
Dodge: Dodged            |    80 |   117 |   179 |   348 |   841 |   597 ||  2162
Block: Shield            |       |       |   115 |   276 |   851 |   635 ||  1877

Table legend:
 A = Non-vault XP
 B = Vault XP
 C = Vault XP percentage of total XP
 D = Non-vault monster count
 E = Vault monster count
 F = Vault count percentage of total count
                 A         B        C        D         E       F
            +---------+---------+-------+---------+---------+-------
      Total |  128326 |   94976 |  42.5 |     706 |     283 |  28.6
            +---------+---------+-------+---------+---------+-------
        D:1 |      60 |       0 |   0.0 |      29 |       0 |   0.0
        D:2 |      81 |       0 |   0.0 |      24 |       0 |   0.0
        D:3 |     423 |     208 |  33.0 |      38 |       1 |   2.6
        D:4 |     220 |       0 |   0.0 |      12 |       0 |   0.0
        D:5 |     574 |      48 |   7.7 |      20 |       4 |  16.7
        D:6 |    1805 |       0 |   0.0 |      44 |       0 |   0.0
        D:7 |    1466 |     460 |  23.9 |      34 |       1 |   2.9
        D:8 |     841 |       0 |   0.0 |      22 |       0 |   0.0
        D:9 |    2207 |    1002 |  31.2 |      17 |       5 |  22.7
       D:10 |    3394 |       0 |   0.0 |      29 |       0 |   0.0
       D:11 |    3751 |     317 |   7.8 |      32 |       1 |   3.0
       D:12 |    6465 |    3694 |  36.4 |      31 |       5 |  13.9
       D:13 |    4601 |    2805 |  37.9 |      23 |      32 |  58.2
       D:14 |    8282 |    8001 |  49.1 |      32 |      11 |  25.6
       D:15 |    9062 |    3773 |  29.4 |      31 |       8 |  20.5
     Lair:1 |    4353 |     467 |   9.7 |      18 |       1 |   5.3
     Lair:2 |    5679 |       0 |   0.0 |      12 |       0 |   0.0
     Lair:3 |    3091 |    1684 |  35.3 |      12 |       5 |  29.4
     Lair:4 |    6381 |     754 |  10.6 |      25 |       2 |   7.4
     Lair:5 |    5942 |       0 |   0.0 |      20 |       0 |   0.0
     Lair:6 |    8166 |    9719 |  54.3 |      33 |      50 |  60.2
   Shoals:1 |   14554 |    1601 |   9.9 |      32 |       8 |  20.0
   Shoals:2 |    9091 |    9551 |  51.2 |      16 |      12 |  42.9
   Shoals:3 |   12888 |    5941 |  31.6 |      26 |       4 |  13.3
   Shoals:4 |    5475 |   12734 |  69.9 |      14 |      20 |  58.8
      Orc:1 |    4190 |    5509 |  56.8 |      28 |      11 |  28.2
      Orc:2 |    5284 |   11932 |  69.3 |      52 |      41 |  44.1
     Bailey |       0 |     551 | 100.0 |       0 |      16 | 100.0
      IceCv |       0 |   10362 | 100.0 |       0 |      28 | 100.0
    Volcano |       0 |    3863 | 100.0 |       0 |      17 | 100.0
            +---------+---------+-------+---------+---------+-------
